 Dungeon Crawl Stone Soup version 0.25-a0-353-ged6d54792d (webtiles) character file.

Game seed: 17494310349505248957, levelgen mode: deterministic

68 BritishOli the Ducker (level 4, -4/34 HPs)
             Began as a Demonspawn Gladiator on Jan 1, 2020.
             Slain by a centaur skeleton (7 damage)
             ... on level 2 of the Dungeon.
             The game lasted 00:02:14 (1556 turns).

BritishOli the Ducker (Demonspawn Gladiator)        Turns: 1556, Time: 00:02:15

Health: -4/34      AC:  5    Str: 17    XL:     4   Next: 1%
Magic:  4/4        EV: 14    Int:  9    God:
Gold:   76         SH:  0    Dex: 15    Spells: 3/3 levels left

rFire    . . .     SeeInvis .   a - +0 long sword
rCold    . . .     Gourm    .   (no shield)
rNeg     . . .     Faith    .   b - +0 leather armour
rPois    .         Spirit   .   (helmet restricted)
rElec    .         Reflect  .   (no cloak)
rCorr    .         Harm     .   (no gloves)
MR       .....                  (no boots)
Stlth    +.........             (no amulet)
HPRegen  0.11/turn              e - +1 ring of evasion
MPRegen  0.09/turn              m - +2 ring of strength

@: no status effects
A: antennae 1, icy blue scales 1
a: no special abilities


You were on level 2 of the Dungeon.
You were very hungry.

You visited 1 branch of the dungeon, and saw 2 of its levels.

You collected 76 gold pieces.

Inventory:

Hand Weapons
 a - a +0 long sword (weapon)
Missiles
 d - 3 throwing nets (quivered)
Armour
 b - a +0 leather armour (worn)
 c - a +0 helmet
Jewellery
 e - a +1 ring of evasion (left hand)
 m - a +2 ring of strength (right hand)
Scrolls
 g - 2 scrolls of remove curse {unknown}
 h - a scroll of identify {unknown}
 l - a scroll of random uselessness {unknown}
Potions
 i - a potion of invisibility {unknown}
 j - 2 potions of heal wounds {unknown}
 k - 2 potions of curing {unknown}
Comestibles
 f - 5 rations


   Skills:
 + Level 2.7 Fighting
 + Level 3.2 Long Blades
 + Level 2.4 Throwing
 + Level 3.2 Dodging


You had 3 spell levels left.
You didn't know any spells.
Your spell library was empty.

Dungeon Overview and Level Annotations

Branches:
Dungeon (2/15)

Altars:
Vehumet


Innate Abilities, Weirdness & Mutations

You have a pair of small antennae on your head.
You are partially covered in icy blue scales. (AC +2)


Message History

The centaur skeleton closely misses you.
The centaur skeleton hits you!
* * * LOW HITPOINT WARNING * * *
You slash the centaur skeleton!
The centaur skeleton is heavily damaged.
The centaur skeleton misses you.
You riposte.
You hit the centaur skeleton but do no damage.
The centaur skeleton is heavily damaged.
The centaur skeleton hits you.
* * * LOW HITPOINT WARNING * * *
Unknown command.
You slash the centaur skeleton!
The centaur skeleton is severely damaged.
The centaur skeleton hits you but does no damage.
You hit the centaur skeleton.
The centaur skeleton is severely damaged.
The centaur skeleton hits you.
* * * LOW HITPOINT WARNING * * *
The centaur skeleton hits you!
You die...

..## #...!.... #.##...## .#
...#### #.................##.#
......###.....$..............
............................#
...###......................#
#†..#####..###..............###
#......#.....(...........÷....#
###.##.......##...............###
###..........†..@Z.............>.
............##)....<.............
###..##.....###......)...........
............##...................
##.####.#...##...................
#..........................)....
####.###...##..............<÷...
#......###........#..........
######..........###..........


You could see a centaur skeleton.

Vanquished Creatures
  Jessica (D:2)
  A dart slug (D:1)
  A leopard gecko (D:2)
  A ball python (D:2)
  5 giant cockroaches
  4 hobgoblins
  3 jackals
  4 bats
  5 frilled lizards (D:1)
  4 goblins
  4 kobolds
  6 rats
39 creatures vanquished.

Notes
Turn   | Place    | Note
-------+----------+-------------------------------------------
     0 | D:1      | BritishOli the Demonspawn Gladiator began the quest for the
                  | Orb.
     0 | D:1      | Reached XP level 1. HP: 16/16 MP: 1/1
   176 | D:1      | Gained mutation: You have a pair of small antennae on your
                  | head. [demonic ancestry]
   176 | D:1      | Reached XP level 2. HP: 22/22 MP: 2/2
  1048 | D:2      | Reached XP level 3. HP: 28/28 MP: 3/3
  1440 | D:2      | Found a radiant altar of Vehumet.
  1443 | D:2      | Noticed Jessica
  1445 | D:2      | Killed Jessica
  1526 | D:2      | Gained mutation: You are partially covered in icy blue
                  | scales. (AC +2) [demonic ancestry]
  1526 | D:2      | Reached XP level 4. HP: 13/34 MP: 4/4
  1556 | D:2      | Slain by a centaur skeleton

Levels and vault maps discovered:
D:1:      minmay_arrival_three_doors, layout_loops_cross, minmay_door_square,
          chequers_serial_rivers_small_a
D:2:      layout_rooms, lemuel_doored_altar, uniq_jessica

Skill      XL: |  1  2 |
---------------+-------+-----
Throwing       | 2 |  2.4
Long Blades    | 3 |  3.2
Dodging        | 3 |  3.2
Fighting       | |  2.7

Action                   |  1- 3 |  4- 6 || total
-------------------------+-------+-------++-------
Melee: Long sword        |   102 |     4 ||   106
  Eat: Chunk             |     1 |       ||     1
Armor: Leather armour    |    38 |     1 ||    39
Dodge: Dodged            |    97 |     2 ||    99
       Rpst.: Long sword |    29 |     1 ||    30

Table legend:
 A = Non-vault XP
 B = Vault XP
 C = Vault XP percentage of total XP
 D = Non-vault monster count
 E = Vault monster count
 F = Vault count percentage of total count
                 A         B        C        D         E       F
            +---------+---------+-------+---------+---------+-------
      Total |      61 |      37 |  37.8 |      38 |       1 |   2.6
            +---------+---------+-------+---------+---------+-------
        D:1 |      41 |       0 |   0.0 |      27 |       0 |   0.0
        D:2 |      20 |      37 |  64.9 |      11 |       1 |   8.3
            +---------+---------+-------+---------+---------+-------
